 Dungeon Crawl Stone Soup version 0.21.0-3-g78d12a8bdd (webtiles) character file.

3586 Gargoyl the Chopper (level 9, -1/75 HPs)
             Began as a Centaur Abyssal Knight on Jan 15, 2018.
             Was an Elder of Lugonu.
             Slain by a two-headed ogre
             ... wielding a +0 giant spiked club
              (9 damage)
             ... on level 7 of the Dungeon.
             The game lasted 00:19:10 (10293 turns).

Gargoyl the Chopper (Centaur Abyssal Knight)       Turns: 10293, Time: 00:19:10

Health: -1/75      AC: 16    Str: 20    XL:     9   Next: 85%
Magic:  13/13      EV:  6    Int: 11    God:    Lugonu [****..]
Gold:   263        SH:  5    Dex: 11    Spells: 8/8 levels left

rFire    + . .     SeeInvis .   u - +2 battleaxe (chop)
rCold    + . .     Gourm    .   (shield currently unavailable)
rNeg     + . .     Faith    .   f - +0 chain mail
rPois    .         Spirit   .   s - +0 helmet
rElec    .         Reflect  +   d - scarf {rC+ rF+}
rCorr    .         Harm     .   z - +2 pair of gloves
MR       .....                  (no barding)
Stlth    ..........             x - +5 amulet of reflection
HPRegen  0.22/turn              b - +4 ring of strength
MPRegen  0.13/turn              e - ring of positive energy

@: very quick
A: large, hooves 3, thin metallic scales 1, blink, deformed body, speed 2, tough
skin 3
a: Blink, Depart the Abyss, Bend Space, Banish, Corrupt, Renounce Religion


You were on level 7 of the Dungeon.
You worshipped Lugonu.
Lugonu was greatly pleased with you.
You were near starving.

You visited 1 branch of the dungeon, and saw 8 of its levels.
You visited the Abyss 1 time.

You collected 453 gold pieces.
You spent 190 gold pieces at shops.

Inventory:

Hand Weapons
 a - a +1 hand axe
 l - a +2 hand axe of freezing
 u - a +2 battleaxe of chopping (weapon)
Missiles
 r - 4 tomahawks (quivered)
Armour
 d - a scarf of resistance (worn)
 f - a +0 chain mail (worn)
 s - a +0 helmet (worn)
 z - a +2 pair of gloves (worn)
Jewellery
 b - a +4 ring of strength (left hand)
 e - a ring of positive energy (right hand)
 g - an uncursed ring of wizardry {unknown}
 w - an uncursed ring of ice {unknown}
 x - a +5 amulet of reflection (around neck)
 A - an uncursed ring of magical power {unknown}
Wands
 h - a wand of random effects (18)
 m - a wand of iceblast (7)
 y - a wand of scattershot (3)
 B - a wand of enslavement (12)
 E - a wand of flame (19)
Scrolls
 o - 4 scrolls of blinking
 v - a scroll of remove curse
 D - a scroll of identify
Potions
 i - a potion of ambrosia {unknown}
 k - a potion of invisibility
 n - 2 potions of berserk rage
 p - 3 potions of magic {unknown}
 q - a potion of curing
 C - a potion of heal wounds {unknown}
Books
 j - a book of Frost

   Spells                             Type                      Level
   a - Freeze                         Ice                          1
   b - Throw Frost                    Conjuration/Ice              2
   c - Ozocubu's Armour               Charms/Ice                   3
   d - Throw Icicle                   Conjuration/Ice              4
   e - Summon Ice Beast               Ice/Summoning                4
 t - a book of Callings

   Spells                             Type                      Level
   a - Summon Small Mammal            Summoning                    1
   b - Call Imp                       Summoning                    2
   c - Call Canine Familiar           Summoning                    3
   d - Summon Guardian Golem          Hexes/Summoning              3
   e - Summon Lightning Spire         Summoning/Air                4
   f - Summon Ice Beast               Ice/Summoning                4
Comestibles
 c - 14 rations


   Skills:
 + Level 5.7 Fighting
 + Level 7.3 Axes
 * Level 6.8 Armour
 + Level 1.8 Dodging
 * Level 6.6 Invocations


You had 8 spell levels left.
You didn't know any spells.

Dungeon Overview and Level Annotations

Branches:
Dungeon (8/15)             Temple (0/1) D:6            Lair (0/6) D:8

Altars:
Dithmenos
Elyvilon
Gozag
Nemelex Xobeh
Sif Muna
Vehumet

Shops:
D:4 =   D:5 (%*   D:7 [   D:8 ?[%=:

Annotations:
D:4 2 transporters
D:8 Erica


Innate Abilities, Weirdness & Mutations

You have hooves in place of feet.
Armour fits poorly on your strangely shaped body.
You cover ground very quickly.
You have extremely tough skin. (AC +3)
You are partially covered in thin metallic scales. (AC +2)
You can translocate small distances at will.


Message History

Throwing (i - inventory):
r - 5 tomahawks (quivered)
Press: ? - help, Shift-Dir - straight line, f - two-headed ogre
Aim: a two-headed ogre, wielding two giant spiked clubs (severely wounded)
You throw a tomahawk. The tomahawk hits the two-headed ogre.
The two-headed ogre is almost dead.
The two-headed ogre barely misses you. x2
Your chain mail prevents you from hitting the two-headed ogre.
You kick the two-headed ogre.
The two-headed ogre is almost dead.
You barely miss the two-headed ogre.
You kick the two-headed ogre, but do no damage.
The two-headed ogre is almost dead.
The two-headed ogre hits you with a giant spiked club!!
* * * LOW HITPOINT WARNING * * *
The two-headed ogre hits you but does no damage.
You are near starving!
You hit the two-headed ogre but do no damage.
The two-headed ogre is almost dead.
The two-headed ogre hits you with a giant spiked club!
You die...

### #@# #O# #(####
#....# ### #.##.# #.#
#.##.#
########.#######.##.#
.................##.#
................>##.#


You could see a two-headed ogre.

Vanquished Creatures
  Gastronok (D:8)
  Joseph (D:8)
  2 ice beasts
  2 phantoms
  A black bear (D:6)
  A necrophage (D:6)
  An ogre (D:7)
  A centaur (D:8)
  2 bullfrogs
  Blork the orc (D:4)
  2 scorpions
  3 howler monkeys
  5 crimson imps
  A jelly (D:6)
  A centaur zombie (D:6)
  A centaur skeleton (D:7)
  2 hounds
  An orc priest (D:3)
  3 iguanas
  3 orc wizards (D:5)
  3 worker ants
  A hound skeleton (D:5)
  A worker ant zombie (D:5)
  11 adders
  2 shadow imps (D:5)
  2 oozes (D:3)
  An adder skeleton (D:7)
  2 worms
  5 dart slugs
  4 leopard geckos
  22 orcs
  7 bats
  4 giant cockroaches
  8 hobgoblins
  6 jackals
  7 kobolds
  3 quokkas
  3 ball pythons
  5 frilled lizards
  11 goblins
  A leopard gecko skeleton (D:4)
  A quokka zombie (D:5)
  8 rats
153 creatures vanquished.

Vanquished Creatures (collateral kills)
  A jelly (D:6)
  A killer bee zombie (D:6)
2 creatures vanquished.

Grand Total: 155 creatures vanquished

Notes
Turn   | Place    | Note
-------+----------+-------------------------------------------
     0 | Abyss:1  | Gargoyl the Centaur Abyssal Knight began the quest for the Orb.
     0 | Abyss:1  | Reached XP level 1. HP: 19/19 MP: 2/2
    49 | Abyss:2  | Noticed a spatial vortex
    50 | Abyss:2  | Noticed a spatial maelstrom
    50 | Abyss:2  | Noticed a spatial vortex
    54 | Abyss:2  | Noticed a spatial vortex
    55 | Abyss:2  | Noticed a spatial vortex
    56 | Abyss:2  | Noticed a spatial vortex
    57 | Abyss:2  | Noticed a spatial vortex
    64 | Abyss:2  | Noticed a spatial vortex
    64 | Abyss:2  | Noticed a spatial vortex
    67 | Abyss:2  | Noticed a quasit
    68 | Abyss:2  | Noticed a spatial vortex
    69 | Abyss:2  | Noticed a smoke demon
    69 | Abyss:2  | Noticed a spatial vortex
    70 | D:1      | Escaped the Abyss
   240 | D:1      | Reached XP level 2. HP: 24/26 MP: 3/3
   361 | D:1      | Reached * piety under Lugonu
   817 | D:1      | Reached XP level 3. HP: 31/31 MP: 4/4
  1138 | D:1      | Reached skill level 2 in Axes
  1607 | D:2      | Reached ** piety under Lugonu
  1788 | D:2      | Reached skill level 1 in Dodging
  1792 | D:2      | Reached XP level 4. HP: 22/39 MP: 1/5
  3245 | D:3      | Reached XP level 5. HP: 34/46 MP: 4/6
  3990 | D:3      | Found a shadowy altar of Dithmenos.
  4395 | D:4      | Reached *** piety under Lugonu
  4424 | D:4      | Reached skill level 3 in Axes
  4531 | D:4      | Found a transporter.
  4619 | D:4      | Reached XP level 6. HP: 25/52 MP: 5/8
  4776 | D:4      | Noticed Blork the orc
  4785 | D:4      | Killed Blork the orc
  4974 | D:4      | Found Dokk's Jewellery Shop.
  4987 | D:4      | Found a transporter.
  5738 | D:5      | Entered Level 5 of the Dungeon
  6289 | D:5      | Reached XP level 7. HP: 43/59 MP: 9/9
  6662 | D:5      | Found Qocvewu's Assorted Antiques.
  6675 | D:5      | Bought a scroll labeled LUOCRI UWEW for 20 gold pieces
  6676 | D:5      | Bought a scroll labeled ICRIG LEOGG for 20 gold pieces
  6845 | D:5      | Reached skill level 4 in Axes
  7043 | D:5      | Found Yrhyviti's Antique Weapon Boutique.
  7128 | D:5      | Found Dutoif Mesko's Food Shop.
  7648 | D:6      | Found a staircase to the Ecumenical Temple.
  7819 | D:6      | Reached XP level 8. HP: 66/66 MP: 11/11
  7825 | D:6      | Reached **** piety under Lugonu
  7902 | D:6      | Reached skill level 5 in Armour
  8443 | D:6      | Found a sparkling altar of Nemelex Xobeh.
  8490 | D:7      | Found Fono's Antique Armour Boutique.
  8507 | D:7      | Bought a pair of glowing gloves for 150 gold pieces
  8704 | D:7      | Reached skill level 5 in Axes
  8798 | D:7      | Reached skill level 5 in Fighting
  8800 | D:7      | Reached skill level 5 in Invocations
  9360 | D:7      | Found a white marble altar of Elyvilon.
  9424 | D:8      | Found Ixycol's Magic Scroll Shop.
  9457 | D:8      | Found an opulent altar of Gozag.
  9458 | D:8      | Found a deep blue altar of Sif Muna.
  9459 | D:8      | Found a radiant altar of Vehumet.
  9464 | D:8      | Found a staircase to the Lair.
  9531 | D:8      | Found Atrul's Antique Armour Shoppe.
  9551 | D:8      | Found Sazutudgh's Food Shop.
  9756 | D:8      | Noticed Gastronok
  9771 | D:8      | Gained mutation: Your flesh is cold resistant. (rC+) [potion of mutation]
  9771 | D:8      | Gained mutation: Your system is resistant to poisons. (rPois) [potion of mutation]
  9774 | D:8      | Killed Gastronok
  9774 | D:8      | Reached skill level 7 in Axes
  9774 | D:8      | Reached XP level 9. HP: 33/74 MP: 13/13
  9961 | D:8      | Lost mutation: Your flesh is cold resistant. (rC+) [potion of mutation]
  9961 | D:8      | Lost mutation: Your system is resistant to poisons. (rPois) [potion of mutation]
  9961 | D:8      | Gained mutation: Your flesh is cold resistant. (rC+) [potion of mutation]
  9961 | D:8      | Gained mutation: Scrolls take you a little longer to read. [potion of mutation]
  9961 | D:8      | Gained mutation: You possess an exceptional clarity of mind. [potion of mutation]
  9962 | D:8      | Lost mutation: Scrolls take you a little longer to read. [potion of mutation]
  9962 | D:8      | Lost mutation: You possess an exceptional clarity of mind. [potion of mutation]
  9962 | D:8      | Lost mutation: Your flesh is cold resistant. (rC+) [potion of mutation]
  9962 | D:8      | Gained mutation: You are partially covered in thin metallic scales. (AC +2) [potion of mutation]
  9962 | D:8      | Gained mutation: You can translocate small distances at will. [potion of mutation]
  9989 | D:8      | Found Magg's Jewellery Shop.
 10000 | D:8      | Noticed Joseph
 10001 | D:8      | Found Zoun's Book Shoppe.
 10010 | D:8      | Killed Joseph
 10240 | D:8      | Noticed a two-headed ogre
 10242 | D:8      | Noticed Erica
 10293 | D:7      | Slain by a two-headed ogre

Skill      XL: |  1  2  3  4  5  6  7  8 |
---------------+-------------------------+-----
Axes           | 2 3 4 7 |  7.3
Armour         | 2 3 4 6 |  6.8
Dodging        | 1 |  1.8
Fighting       | 4 5 |  5.7
Invocations    | 3 4 6 |  6.6

Action                   |  1- 3 |  4- 6 |  7- 9 || total
-------------------------+-------+-------+-------++-------
Melee: Hand axe          |   114 |   244 |    92 ||   450
       Kick              |    19 |    57 |    58 ||   134
       Battleaxe         |       |       |   107 ||   107
Throw: Tomahawk          |       |       |     1 ||     1
Invok: Depart the Abyss  |     1 |       |       ||     1
  Use: Scroll            |     1 |     7 |     8 ||    16
       Potion            |       |       |     7 ||     7
 Stab: Invisible         |       |       |     2 ||     2
  Eat: Chunk             |     2 |    10 |     8 ||    20
       Ration            |       |     1 |       ||     1
Armor: Leather armour    |    23 |       |       ||    23
       Ring mail         |    47 |    16 |       ||    63
       Chain mail        |       |   140 |   132 ||   272
Dodge: Dodged            |    73 |    80 |    59 ||   212
Block: Other             |       |       |    21 ||    21
